 Dungeon Crawl Stone Soup version 0.27-a0-869-g165b36e3f0 (webtiles) character file.

Game seed: 661281720944472321

5538 robertstho the Thaumaturge (level 10, -1/70 HPs)
             Began as a Djinni Fire Elementalist on Apr 2, 2021.
             Was an Initiate of Gozag.
             Slain by a ten-headed hydra (15 damage)
             ... on level 8 of the Dungeon.
             The game lasted 00:17:35 (11589 turns).

robertstho the Thaumaturge (DjFE)                  Turns: 11589, Time: 00:17:36

Health: -1/70      AC:  9    Str:  5    XL:     10   Next: 71%
Gold:   641        EV: 13    Int: 21    God:    Gozag SH:  0 Dex: 13

rFire    + + +     SeeInvis .   D - +11 dagger "Hydrabane" {freeze, rPois rF+ Str-2}
rCold    . . .     Faith    .   (no shield)
rNeg     . . .     Spirit   .   h - +2 robe {rC+}
rPois    ∞         Reflect  .   (no helmet)
rElec    .         Harm     .   E - scarf {repulsion}
rCorr    .         Rampage  .   b - +0 pair of gloves
Will     +....                  (boots unavailable)
Stlth    +++.......             (no amulet)
HPRegen  0.21/turn              c - +4 ring of protection
MPRegen  0.00/turn              q - ring of wizardry

@: flying, repel missiles
A: fire resistance 2, cold vulnerability 1, float, innate caster, hp casting,
extra vitality 1
a: Renounce Religion, Potion Petition, Call Merchant, Bribe Branch


You were on level 8 of the Dungeon.
You worshipped Gozag.
Gozag was pleased with you.
You visited 2 branches of the dungeon, and saw 9 of its levels.
You also visited: Ossuary.

You collected 802 gold pieces.
You paid 161 gold pieces to Gozag.

Inventory:

Hand Weapons
 d - the +9 whip "Doam" {speed, Str+5 Int+7 SInv}
   (You found it on level 4 of the Dungeon)

   Attacks with this weapon are significantly faster.
   It affects your strength (+5).
   It affects your intelligence (+7).
   It lets you see invisible.
 D - the +11 dagger "Hydrabane" (weapon) {freeze, rPois rF+ Str-2}
   (You found it on level 7 of the Dungeon)

   It has been specially enchanted to freeze those struck by it, causing extra
   injury to most foes and up to half again as much damage against particularly
   susceptible opponents.
   It can also slow down cold-blooded creatures.
   It affects your strength (-2).
   It protects you from fire.
   It protects you from poison.
 F - the +8 dagger "Uvaiwn" {vorpal, Will++}
   (You found it on level 7 of the Dungeon)

   It inflicts extra damage upon your enemies.
   It greatly increases your willpower.
Missiles
 j - a throwing net
 l - 2 curare-tipped darts
Armour
 b - a +0 pair of gloves (worn)
 h - a +2 robe of cold resistance (worn)
 r - a +0 cloak
 E - a scarf of repulsion (worn)
Jewellery
 c - a +4 ring of protection (left hand)
 q - a ring of wizardry (right hand)
 u - a ring of willpower
 y - a +6 ring of intelligence
Wands
 g - a wand of flame (10)
 s - a wand of charming (13)
 t - a wand of polymorph (3)
 w - a wand of digging (3)
Scrolls
 e - 2 scrolls of teleportation
 f - 3 scrolls of brand weapon
 k - 2 scrolls of fear
 m - 3 scrolls of enchant weapon
 v - a scroll of summoning {unknown}
 x - 2 scrolls of enchant armour
Potions
 a - 5 potions of curing
 i - 2 potions of resistance {unknown}
 n - a potion of degeneration {unknown}
 o - a potion of magic
 p - 2 potions of ambrosia
 z - 2 potions of haste
 A - a potion of might
 B - a potion of brilliance


   Skills:
 * Level 5.2 Fighting
 + Level 1.8 Maces & Flails
 + Level 4.6 Dodging
 + Level 4.1 Stealth
 * Level 11.3 Spellcasting


You had 6 spell levels left.
You knew the following spells:

 Your Spells              Type           Power      Damage    Failure   Level
a - Foxfire               Conj/Fire      100%       2x1d9     1%          1
b - Conjure Flame         Conj/Fire      56%        6-21      1%          3
c - Inner Flame           Hex/Fire       56%        N/A       1%          3
d - Sticky Flame          Conj/Fire      56%        2d7       1%          4
e - Fireball              Conj/Fire      28%        3d12      1%          5
f - Sting                 Tmut/Pois      100%       1d8       1%          1
g - Slow                  Hex            56%        N/A       1%          2
h - Blink                 Tloc           N/A        N/A       1%          2
i - Animate Dead          Necr           28%        N/A       1%          4
Your spell library was empty.

Dungeon Overview and Level Annotations

Branches:
Dungeon (8/15)             Temple (1/1) D:7            Lair (0/6) D:8
Ossuary (visited)

Altars:
Ashenzari
Cheibriados
Dithmenos
Fedhas
Gozag
Nemelex Xobeh
Okawaru
Qazlal
Trog
Vehumet
Wu Jian
Xom
Yredelemnul
Zin
The Shining One

Annotations:
D:6 2 runed translucent doors, indyram44's ghost, novice DsGl
D:8 Zonian's ghost, novice HOFi


Innate Abilities, Weirdness & Mutations

You are immune to poison.
Your flesh is very heat resistant. (rF++)
You are vulnerable to cold. (rC-)
You float through the air rather than walking.
You learn spells naturally, not from books.
Your magical power is your life essence.
You have superior vitality. (+4 HP)


Message History

Confirm with . or Enter, or press ? or * to list all spells.
Aiming: Sticky Flame (safe; 1% risk of failure)
Press: ? - help, Shift-Dir - straight line, f - ten-headed hydra
Aim: a ten-headed hydra (0% to evade)
The sticky flame hits the ten-headed hydra!
The ten-headed hydra is lightly wounded.
The ten-headed hydra is covered in liquid flames!
The ten-headed hydra burns!
The ten-headed hydra bites you. The ten-headed hydra misses you.
The ten-headed hydra closely misses you.
The ten-headed hydra misses you. The ten-headed hydra barely misses you.
The ten-headed hydra closely misses you.
The ten-headed hydra bites you. x3; The ten-headed hydra bites you!
The ten-headed hydra burns!
The ten-headed hydra burns!
The ten-headed hydra burns!
The ten-headed hydra burns!
The ten-headed hydra stops burning.
There is an open door here.
Zonian's ghost whispers, "It is all a dream - a grotesque and foolish dream."
Casting: Sticky Flame (safe; 1% risk of failure)
Confirm with . or Enter, or press ? or * to list all spells.
Aiming: Sticky Flame (safe; 1% risk of failure)
Press: ? - help, Shift-Dir - straight line, f/p - ten-headed hydra
Aim: a ten-headed hydra (moderately wounded, 0% to evade)
The sticky flame hits the ten-headed hydra!
The ten-headed hydra is moderately wounded.
The ten-headed hydra is covered in liquid flames!
The ten-headed hydra burns!
The ten-headed hydra closely misses you.
The ten-headed hydra bites you.
The ten-headed hydra closely misses you.
The ten-headed hydra bites you!
* * * LOW HITPOINT WARNING * * *
The ten-headed hydra misses you.
The ten-headed hydra bites you but does no damage.
The ten-headed hydra bites you.
* * * LOW HITPOINT WARNING * * *
The ten-headed hydra bites you!
You die...
Your body crumbles into a pile of gold.

#.#.# #...(.### #
#.#.#### #♣....[♣# #
#.#....# #≈..)..≈# #
#.####.# ####≈.....♣*
#.# #.# #..##.....## #.#
##'##### #...##'''###
#.# #......#
#..........# #.#
#......###D..###.#.##
#.# #......@DW.........#
#.###...######...#######
#..)................#
###################.#
#....<..##)#
#.###.#.##.#
#.#...#.##.#
#.#.###.##.#
#.#.###.##.#


You could see a 11-headed hydra, a ten-headed hydra (burning) and Zonian's
ghost.

Vanquished Creatures
  Prince Ribbit (D:5)
  A wraith (D:6)
  9 yaks
  4 basilisks (D:8)
  4 water moccasins
  An orc warrior (D:7)
  5 black bears
  A sky beast (D:6)
  An ogre (D:5)
  2 necrophages (D:6)
  2 wolves (D:8)
  2 centaurs
  2 phantoms
  A kobold brigand (D:8)
  Blork the orc (D:5)
  A bullfrog (D:6)
  A scorpion (D:6)
  4 water moccasin zombies (Ossuary)
  3 howler monkeys
  A jelly (D:8)
  3 orc priests
  3 hounds
  Crazy Yiuf (D:7)
  Jessica (D:2)
  A bullfrog skeleton (D:6)
  Natasha (thrice) (D:2)
  3 iguanas
  5 orc wizards
  A killer bee zombie (D:7)
  A hound zombie (D:5)
  A hound skeleton (D:4)
  2 mummies (Ossuary)
  Robin (D:3)
  7 gnolls
  2 howler monkey skeletons
  7 adders
  4 white imps
  An ufetubus (D:4)
  3 adder zombies (Ossuary)
  3 dart slugs
  18 orcs
  6 endoplasms
  3 giant cockroaches (D:1)
  2 gnoll zombies (Ossuary)
  13 goblins
  12 hobgoblins
  10 kobolds
  2 quokkas
  6 ball pythons
  7 bats
  A frilled lizard (D:1)
  3 hobgoblin zombies (Ossuary)
  8 kobold zombies (Ossuary)
  9 orc zombies (Ossuary)
  5 rats
  A rat zombie (D:8)
  2 bushes (D:8)
208 creatures vanquished.

Vanquished Creatures (others)
  480 foxfires
  5 fungi (D:8)
  12 plants (D:8)
497 creatures vanquished.

Grand Total: 705 creatures vanquished

Notes
Turn   | Place    | Note
-------+----------+-------------------------------------------
     0 | D:1      | robertstho the Djinni Fire Elementalist began the quest for
                  | the Orb.
     0 | D:1      | Reached XP level 1. HP: 15/15 MP: 0/0
   294 | D:1      | Reached skill level 3 in Spellcasting
   463 | D:1      | Reached XP level 2. HP: 19/21 MP: 0/0
  1486 | D:2      | Reached XP level 3. HP: 23/25 MP: 0/0
  1486 | D:2      | Learned a level 1 spell: Sting
  1786 | D:2      | Noticed Jessica
  1794 | D:2      | Killed Jessica
  1795 | D:2      | Reached XP level 4. HP: 27/31 MP: 0/0
  1869 | D:2      | Found a faded altar of an unknown god.
  1888 | D:2      | Reached skill level 1 in Fighting
  1888 | D:2      | Reached skill level 4 in Spellcasting
  2217 | D:2      | Noticed Natasha
  2223 | D:2      | Killed Natasha
  2452 | D:2      | Noticed Natasha
  2462 | D:2      | Killed Natasha
  2463 | D:2      | Reached XP level 5. HP: 22/37 MP: 0/0
  2463 | D:2      | Learned a level 2 spell: Slow
  2526 | D:2      | Noticed Natasha
  2530 | D:2      | Killed Natasha
  2954 | D:3      | Noticed Robin
  2966 | D:3      | Killed Robin
  3211 | D:2      | Reached skill level 5 in Spellcasting
  3495 | D:3      | Reached XP level 6. HP: 42/43 MP: 0/0
  3639 | D:3      | You are sucked into a shaft and drop 1 floor!
  4498 | D:4      | HP: 3/64 [orc/+0 short sword (2)]
  4507 | D:4      | HP: 2/64 [orc/+0 short sword (3)]
  4512 | D:4      | HP: 1/64 [orc/+0 short sword (2)]
  4970 | D:4      | Noticed a black bear
  4982 | D:4      | Killed a black bear
  4983 | D:4      | Reached XP level 7. HP: 35/49 MP: 0/0
  4983 | D:4      | Learned a level 2 spell: Blink
  5126 | D:4      | Reached skill level 6 in Spellcasting
  5160 | D:4      | Identified the +9 whip "Doam" {speed, Str+5 Int+7 SInv}
  5252 | D:5      | Entered Level 5 of the Dungeon
  5252 | D:5      | Noticed Blork the orc
  5262 | D:5      | Killed Blork the orc
  5489 | D:5      | Noticed Prince Ribbit
  5496 | D:5      | Killed Prince Ribbit
  5497 | D:5      | Reached skill level 1 in Maces & Flails
  5497 | D:5      | Reached XP level 8. HP: 29/55 MP: 0/0
  5703 | D:5      | Found a shimmering altar of Xom.
  5914 | D:5      | Reached skill level 7 in Spellcasting
  6112 | D:5      | Found a basalt altar of Yredelemnul.
  6595 | D:6      | Found a large runed translucent door.
  6595 | D:6      | Found a large runed translucent door.
  6596 | D:6      | Noticed indyram44's ghost (novice DsGl)
  6893 | D:6      | Noticed a yak
  6895 | D:6      | Noticed a yak
  6896 | D:6      | Noticed a yak
  6896 | D:6      | Noticed a yak
  6898 | D:6      | Noticed a yak
  6906 | D:6      | Killed a yak
  6907 | D:6      | Reached skill level 8 in Spellcasting
  6907 | D:6      | Reached XP level 9. HP: 51/62 MP: 0/0
  6907 | D:6      | Learned a level 4 spell: Animate Dead
  7358 | D:6      | Reached skill level 9 in Spellcasting
  8730 | D:7      | Found a broken altar of Ashenzari.
  8770 | D:7      | Identified the +11 dagger "Hydrabane" {freeze, rPois rF+
                  | Str-2}
  8862 | D:7      | Found a staircase to the Ecumenical Temple.
  8895 | D:7      | Found a runed translucent door.
  8896 | D:7      | Noticed Crazy Yiuf
  8941 | D:7      | Identified the +8 dagger "Uvaiwn" {vorpal, Will++}
  9102 | D:7      | Killed Crazy Yiuf
  9150 | D:8      | Reached skill level 10 in Spellcasting
  9150 | D:8      | Reached XP level 10. HP: 64/69 MP: 0/0
  9411 | Temple   | Entered the Ecumenical Temple
  9456 | Temple   | Became a worshipper of Gozag Ym Sagoz the Greedy
  9626 | D:8      | Found an iron altar of Okawaru.
  9628 | D:8      | Found a shadowy altar of Dithmenos.
  9632 | D:8      | Found a staircase to the Lair.
  9654 | D:8      | Found a sand-covered staircase.
  9664 | Ossuary  | Entered an ossuary
 10622 | D:8      | Reached skill level 5 in Fighting
 10636 | D:8      | Reached skill level 11 in Spellcasting
 11234 | D:8      | Found a runed translucent gate.
 11235 | D:8      | Noticed an 11-headed hydra
 11237 | D:8      | Noticed Zonian's ghost (novice HOFi)
 11237 | D:8      | Noticed a ten-headed hydra
 11238 | D:8      | Found a runed translucent gate.
 11239 | D:8      | Found a runed translucent gate.
 11589 | D:8      | Slain by a ten-headed hydra

Illustrated notes

Levels and vault maps discovered:
D:1:      dpeg_arrival_boxes_within_box, layout_basic
D:2:      layout_loops_corners, basic_ecumenical_altar, uniq_jessica,
          uniq_natasha
D:3:      layout_rooms, uniq_robin
D:4:      layout_cave_pools
D:5:      layout_gridville, nicolae_overflow_crystal_walls,
          kennysheep_little_box, uniq_blork_the_orc, uniq_prince_ribbit1
D:6:      layout_loops_ring, ebering_ghost_disaster_area
D:7:      layout_basic, amcnicky_altar_gilded, temple_statues,
          lightli_corner_chamber, uniq_crazy_yiuf_cottage
D:8:      layout_basic, gammafunk_temple_overflow_wave, minmay_lair_entry_grove,
          gammafunk_ghost_hydra_chop, enter_ossuary_3, minmay_misc_feat_plants
Temple:   jpeg_temple_clearing

Skill      XL: |  1  2  3  4  5  6  7  8  9 10 |
---------------+-------------------------------+-----
Spellcasting   | 3 4 5 6 8 10 11 | 11.3
Fighting       | 1 2 3 4 5 |  5.2
Stealth        | 2 3 4 |  4.1
Dodging        | 3 4 |  4.6
Maces & Flails | 1 |  1.8

Action                   |  1- 3 |  4- 6 |  7- 9 | 10-12 || total
-------------------------+-------+-------+-------+-------++-------
Melee: Unarmed           |     3 |       |       |       ||     3
       Whip              |       |    20 |     3 |       ||    23
       Dagger            |       |       |     1 |       ||     1
 Cast: Foxfire           |    50 |   126 |   104 |       ||   280
       Sticky Flame      |       |     1 |    20 |    12 ||    33
       Fireball          |       |       |    33 |    52 ||    85
       Conjure Flame     |       |       |       |     1 ||     1
  Use: Potion            |       |     3 |       |     1 ||     4
       Scroll            |       |     1 |     4 |    11 ||    16
Armor: Robe              |    11 |    10 |    11 |     9 ||    41
       Skin              |       |    28 |       |       ||    28
Dodge: Dodged            |    23 |    33 |    15 |    16 ||    87

Table legend: (Time is in decaauts)
 A = Elapsed time spent in this place.
 B = Non-inter-level travel time spent in this place.
 C = Inter-level travel time spent in this place.
 D = Time resting spent in this place.
 E = Time spent auto-exploring this place.
 F = Levels seen in this place.
 G = Mean time per level.
                   A        B        C        D        E       F      G
               +--------+--------+--------+--------+--------+-----+--------+
         Total |  11603 |  11165 |    438 |   2010 |   7920 |  10 | 1160.3 |
       Dungeon |  10666 |  10270 |    396 |   1967 |   7126 |   8 | 1333.2 |
        Temple |     87 |     45 |     42 |      0 |     39 |   1 |   87.0 |
       Ossuary |    848 |    848 |      0 |     43 |    755 |   1 |  848.0 |
               +--------+--------+--------+--------+--------+-----+--------+

Top non-repeatable levels by time:
     D:2: 1833 daAuts
     D:6: 1609 daAuts
     D:4: 1531 daAuts
     D:1: 1480 daAuts
     D:7: 1342 daAuts
     D:8: 1274 daAuts
     D:5: 1016 daAuts
 Ossuary: 848 daAuts
     D:3: 579 daAuts
  Temple: 87 daAuts
